 Dungeon Crawl Stone Soup version 0.18-a0-987-g0b0e4e7 (webtiles) character file.

252 tof the Skirmisher (level 5, -1/42 HPs)
             Began as a Demonspawn Chaos Knight on Jan 3, 2016.
             Killed from afar by an orc wizard (4 damage)
             ... with a puff of flame
             ... summoned by a boggart
             ... on level 4 of the Dungeon.
             The game lasted 00:07:18 (3314 turns).

tof the Skirmisher (Demonspawn Chaos Knight)        Turns: 3314, Time: 00:07:19

Health: -1/42      AC:  8    Str: 12    XL:     5   Next: 89%
Magic:  5/5        EV:  9    Int: 13    God:    Xom [...*..]
Gold:   83         SH:  0    Dex: 14    Spells: 0 memorised, 4 levels left

rFire  . . .     SeeInvis .     a - +0 falchion (chaos)
rCold  + . .     Gourm    .     s - +1 scale mail {rC+}
rNeg   . . .     Faith    .     (no shield)
rPois  .         Spirit   .     (helmet restricted)
rElec  .         Dismiss  .     (no cloak)
rCorr  .         Reflect  .     (no gloves)
SustAt .         Harm     .     (no boots)
MR     .....                    (no amulet)
Stlth  ..........               (no ring)
                                (no ring)

@: lethally poisoned (-1 -> -1), not resistant to hostile enchantments,
extremely unstealthy
A: horns 1, molten scales 1, rot immunity
a: Renounce Religion


You were on level 4 of the Dungeon.
You worshipped Xom.
You were a favourite toy of Xom.
You were not hungry.

You visited 1 branch of the dungeon, and saw 4 of its levels.

You collected 83 gold pieces.

Inventory:

Hand Weapons
 a - a +0 falchion of chaos (weapon)
 b - a +2 hunting sling of flaming
Missiles
 o - 6 sling bullets
Armour
 s - a +1 scale mail of cold resistance (worn)
Jewellery
 d - an uncursed ring of protection from cold {unknown}
 n - an uncursed ring of see invisible {unknown}
 p - an uncursed ring of poison resistance {unknown}
 q - an uncursed ring of stealth {unknown}
Wands
 r - a wand of frost (25/48)
Scrolls
 e - a scroll of noise {unknown}
 g - 2 scrolls of fog {unknown}
 h - a scroll of fear {unknown}
 i - a scroll of recharging {unknown}
 j - 2 scrolls of magic mapping {unknown}
 m - 2 scrolls of identify {unknown}
Potions
 k - a potion of heal wounds {unknown}
Comestibles
 c - 2 bread rations
 f - a beef jerky
 l - a chunk of flesh


   Skills:
 + Level 4.1 Fighting
 + Level 3.6 Long Blades
 + Level 2.0 Slings
 + Level 2.8 Armour
 + Level 2.0 Dodging
 + Level 0.8 Stealth


You had 4 spell levels left.
You didn't know any spells.

Dungeon Overview and Level Annotations

Branches:
Dungeon (4/15)
 Temple: D:4-7

Altars:
Ashenzari
Fedhas


Innate Abilities, Weirdness & Mutations

You have a pair of small horns on your head.
You are partially covered in molten scales (AC +1).
You are immune to rotting.


Message History

Deactivating autopickup; reactivate with Ctrl-A.
You feel sick.
You feel sick.
You hear some strange, mumbled words.
You feel sick.
You feel sick.
You feel sick.
You hear some strange, mumbled words.
The orc wizard gestures wildly while chanting.
The orc wizard flickers and vanishes!
You feel sick.
You feel sick. "See what I see, my child!"
You detect items!
You feel sick.
Found 15 arrows.
You feel sick.
A puff of flame appears from out of thin air!
The puff of flame hits you!
You die...

...........###########.....#..###
....######................##..###
....#....#................#......
....#....'................#......
....#....#................#......
....#....#................#......
....#....#................#......
....#....#.....>..........#...##.
#####....#......@........##...##.
.........#...............#....##.
.........#...............#....##.
.........#...............+.......
...##....#...............#.......
...#######...(.......oo..##..#...
.........#.....#+####......##.#.#
.........#..... #o{...##.⌠.##
.........# ... #....####.##


You could see 3 orcs.

Vanquished Creatures
  An ogre (D:4)
  A hound (D:4)
  Terence (D:3)
  An iguana (D:4)
  2 adders
  An adder skeleton (D:4)
  A worm (D:3)
  3 giant geckos
  4 orcs (D:3)
  5 giant cockroaches
  5 goblins
  7 hobgoblins
  2 quokkas
  5 bats
  5 giant newts
  7 kobolds
  6 rats
  2 plants (D:3)
59 creatures vanquished.

Vanquished Creatures (collateral kills)
  A bat (D:3)
1 creature vanquished.

Vanquished Creatures (others)
  A fire vortex (D:3)
  A plant (D:3)
2 creatures vanquished.

Grand Total: 62 creatures vanquished

Notes
Turn   | Place    | Note
--------------------------------------------------------------
     0 | D:1      | tof the Demonspawn Chaos Knight began the quest for the Orb.
     0 | D:1      | Reached XP level 1. HP: 18/18 MP: 1/1
    22 | D:1      | Reached skill level 1 in Dodging
   187 | D:1      | XOM: silly message
   191 | D:1      | Gained mutation: You are partially covered in molten scales (AC +1). [demonic ancestry]
   191 | D:1      | Reached XP level 2. HP: 12/24 MP: 2/2
  1200 | D:2      | XOM: colour smoke trail
  1299 | D:2      | Gained mutation: You are immune to rotting. [demonic ancestry]
  1299 | D:2      | Reached XP level 3. HP: 27/29 MP: 3/3
  2245 | D:3      | Noticed Terence
  2264 | D:3      | Killed Terence
  2264 | D:3      | Reached XP level 4. HP: 14/37 MP: 4/4
  2530 | D:3      | Found a shattered altar of Ashenzari.
  2615 | D:3      | XOM: harmless Fire miscast
  2655 | D:3      | XOM: silly message
  2801 | D:3      | XOM: mild Air miscast
  2944 | D:4      | Noticed an ogre
  2945 | D:4      | XOM: enchant monster (good)
  2946 | D:4      | XOM: butterfly on damage
  2947 | D:4      | Killed an ogre
  2947 | D:4      | Reached skill level 4 in Fighting
  2947 | D:4      | Reached skill level 1 in Slings
  2947 | D:4      | Gained mutation: You have a pair of small horns on your head. [demonic ancestry]
  2947 | D:4      | Reached XP level 5. HP: 21/42 MP: 5/5
  3147 | D:4      | XOM: mild Pois miscast
  3210 | D:4      | Found a blossoming altar of Fedhas.
  3290 | D:4      | Noticed a boggart
  3290 | D:4      | a worker ant changed into a boggart
  3307 | D:4      | XOM: divination: detect items
  3314 | D:4      | Killed from afar by an orc wizard

Vault maps used:
D:1:      sevenhm_arrival_forest_fort_small_4
D:2:      serial_co_window_serial, co_window_paths_a, co_window_cross_1,
          co_window_corner_a, co_window_paths_b, co_window_paths_b,
          co_window_broadway_b, co_window_unsneaky_path_d, co_window_corner_b,
          co_window_2corner, co_window_sun, glass_columns_a, glass_columns_b
D:3:      lemuel_coloured_pillars_altar, serial_bayou, serial_bayou_lake_a,
          serial_bayou_pond_e, serial_bayou_shore_b, serial_bayou_shore_b,
          uniq_terence
D:4:      nicolae_overflow_hidden_temple, kennysheep_mini, first_bread,
          serial_bayou_pond_c, st_stairs_13, grunt_decor_mini_mirrors,
          uniq_robin

Action                   |  1- 3 |  4- 6 || total
-------------------------+-------+-------++-------
Melee: Falchion          |    93 |   148 ||   241
 Fire: Hunting sling     |    22 |    10 ||    32
  Eat: Chunk             |     3 |     5 ||     8
